 Dungeon Crawl Stone Soup version 0.25.1-2-g60ff931df9 (webtiles) character file.

Game seed: 5423252762881397095

871 lorenzova the Thaumaturge (level 7, 0/36 HPs)
             Began as a Deep Elf Conjurer on Oct 13, 2020.
             Killed from afar by an orc wizard (6 damage)
             ... with a magic dart
             ... on level 5 of the Dungeon.
             The game lasted 00:07:01 (4164 turns).

lorenzova the Thaumaturge (Deep Elf Conjurer)       Turns: 4164, Time: 00:07:01

Health: 0/36       AC:  3    Str:  5    XL:     7   Next: 73%
Magic:  1/21       EV: 13    Int: 22    God:
Gold:   75         SH:  0    Dex: 15    Spells: 20/23 levels left

rFire    . . .     SeeInvis .   d - +3 quarterstaff (chaos)
rCold    . . .     Gourm    .   (shield currently unavailable)
rNeg     . . .     Faith    .   a - +1 robe
rPois    .         Spirit   .   (no helmet)
rElec    .         Reflect  .   (no cloak)
rCorr    .         Harm     .   (no gloves)
MR       .....                  (no boots)
Stlth    ++........             (no amulet)
HPRegen  0.12/turn              (no ring)
MPRegen  0.17/turn              (no ring)

@: no status effects
A: no striking features
a: no special abilities


You were on level 5 of the Dungeon.
You were hungry.

You visited 1 branch of the dungeon, and saw 5 of its levels.
You also visited: Sewer.

You collected 231 gold pieces.
You spent 156 gold pieces at shops.

Inventory:

Hand Weapons
 d - a +3 quarterstaff of chaos (weapon)
Armour
 a - a +1 robe (worn)
Wands
 p - a wand of polymorph (6)
 s - a wand of disintegration (11)
Scrolls
 e - 2 scrolls of amnesia
 f - 2 scrolls of enchant armour
 j - 2 scrolls of fog
 k - a scroll of remove curse
 q - a scroll of magic mapping
 u - 3 scrolls of teleportation
Potions
 b - 4 potions of curing
 g - a potion of stabbing
 h - a potion of might
 l - 3 potions of flight
 m - 2 potions of invisibility
 n - a potion of haste {unknown}
 t - 2 potions of heal wounds {unknown}
Comestibles
 c - 7 rations


   Skills:
 - Level 2.4 Dodging
 - Level 2.4 Stealth
 + Level 8.7 Spellcasting
 + Level 8.1 Conjurations


You had 20 spell levels left.
You knew the following spells:

 Your Spells              Type           Power        Failure   Level  Hunger
a - Magic Dart            Conj           ####         1%          1    None
b - Searing Ray           Conj           #####.       1%          2    None

Your spell library contained the following spells:

 Spells                   Type           Power        Failure   Level  Hunger
 Dazzling Flash           Conj/Hex       ####..       3%          3    None
 Summon Small Mammal      Summ           #...         7%          1    None
 Call Imp                 Summ           #.......     11%         2    None
 Fulminant Prism          Conj/Hex       ####......   13%         4    ##.....
 Iskenderun's Mystic Bla  Conj/Tloc      ####....     13%         4    ##.....
 Call Canine Familiar     Summ           #.......     21%         3    None
 Confusing Touch          Hex            #.......     21%         3    None
 Gell's Gravitas          Tloc           #.........   21%         3    None
 Summon Guardian Golem    Hex/Summ       #.......     21%         3    None
 Petrify                  Tmut/Erth      #.......     56%         4    ##.....
 Summon Ice Beast         Ice/Summ       #.......     56%         4    ##.....
 Summon Lightning Spire   Summ/Air       #.......     56%         4    ##.....
 Metabolic Englaciation   Hex/Ice        #.........   88%         5    #####..
 Yara's Violent Unravell  Hex/Tmut       #.........   88%         5    #####..


Dungeon Overview and Level Annotations

Branches:
Dungeon (5/15)              Sewer (visited)
 Temple: D:4-7

Altars:
Xom

Shops:
D:4 ?(


Message History

Casting: Magic Dart (safe; 1% risk of failure)
Confirm with . or Enter, or press ? or * to list all spells.
Aiming: Searing Ray (safe; 1% risk of failure)
Press: ? - help, Shift-Dir - straight line, f/p - adder zombie
Aim: an adder zombie (heavily damaged)
The searing ray hits the adder zombie!
You destroy the adder zombie! (Press . to maintain the ray.)
Something hits you.
The searing ray hits something!
Something hits you.
* * * LOW HITPOINT WARNING * * *
Without enough magic to sustain it, your searing ray dissipates.
Something hits you.
* * * LOW HITPOINT WARNING * * *
You closely miss something. Something hits you.
* * * LOW HITPOINT WARNING * * *
You hear some strange, mumbled words.
A magic dart appears from out of thin air!
The magic dart hits you.
You die...

####
#<.###
##...#
###.##
#..#
##@#
#{#
#)#
#.#
...
##.#)
#...#
##. #
.


There were no monsters in sight!

Vanquished Creatures
  Eustachio (D:5)
  Menkaure (D:4)
  An ogre (D:4)
  A big kobold (Sewer)
  A howler monkey (D:4)
  2 hounds (D:4)
  2 bullfrog skeletons (D:4)
  Crazy Yiuf (D:3)
  An orc wizard (D:4)
  2 worker ants (D:4)
  A worker ant zombie (D:5)
  7 adders
  An adder zombie (D:5)
  3 oozes
  An adder skeleton (D:4)
  3 worms
  2 dart slugs (D:2)
  6 leopard geckos
  4 orcs
  5 giant cockroaches
  A goblin (D:2)
  5 hobgoblins
  10 jackals
  A quokka (D:3)
  8 bats
  7 frilled lizards
  A jackal skeleton (D:4)
  12 kobolds
  8 rats
99 creatures vanquished.

Vanquished Creatures (others)
  An orc priest (D:4)
  A worm (D:4)
  A leopard gecko (D:4)
  A jackal (D:4)
4 creatures vanquished.

Grand Total: 103 creatures vanquished

Notes
Turn   | Place    | Note
-------+----------+-------------------------------------------
     0 | D:1      | lorenzova the Deep Elf Conjurer began the quest for the
                  | Orb.
     0 | D:1      | Reached XP level 1. HP: 10/10 MP: 6/6
   131 | D:1      | Reached XP level 2. HP: 15/15 MP: 5/8
   167 | D:1      | Learned a level 2 spell: Searing Ray
   979 | D:2      | Reached skill level 5 in Conjurations
   979 | D:2      | Reached XP level 3. HP: 19/19 MP: 1/10
  1624 | D:2      | Reached XP level 4. HP: 24/24 MP: 10/12
  1999 | D:3      | Found a runed translucent door.
  2000 | D:3      | Noticed Crazy Yiuf
  2006 | D:3      | Killed Crazy Yiuf
  2006 | D:3      | Reached skill level 5 in Spellcasting
  2366 | D:3      | Reached XP level 5. HP: 28/28 MP: 1/14
  2778 | D:4      | Noticed an ogre
  2973 | D:4      | Reached XP level 6. HP: 19/32 MP: 3/17
  3061 | D:4      | Found Pavau's Weapon Shoppe.
  3083 | D:4      | Noticed Menkaure
  3088 | D:4      | Killed Menkaure
  3118 | D:4      | Found Cyduwkig's Magic Scroll Shop.
  3130 | D:4      | Bought a scroll of magic mapping for 42 gold pieces
  3130 | D:4      | Bought a scroll of magic mapping for 42 gold pieces
  3130 | D:4      | Bought a scroll of identify for 24 gold pieces
  3130 | D:4      | Bought a scroll of identify for 24 gold pieces
  3130 | D:4      | Bought a scroll of identify for 24 gold pieces
  3177 | D:4      | Reached XP level 7. HP: 10/36 MP: 3/20
  3248 | D:4      | Found a glowing drain.
  3273 | Sewer    | Entered a sewer
  3678 | Sewer    | Found a white marble altar of Elyvilon.
  3778 | D:4      | Found a shimmering altar of Xom.
  4095 | D:5      | Entered Level 5 of the Dungeon
  4126 | D:5      | Noticed Eustachio
  4142 | D:5      | Killed Eustachio
  4164 | D:5      | Killed from afar by an orc wizard

Illustrated notes

Levels and vault maps discovered:
D:1:      dpeg_arrival_tiny_a, layout_basic
D:2:      layout_rooms
D:3:      layout_rooms, serial_bayou_ford_a, uniq_crazy_yiuf_cottage
D:4:      layout_cave_pools, xom_confusion_cloud, cheibrodos_sewer_entry_bend,
          first_ration, serial_shops, shop_fountains, shop_statue,
          kennysheep_generic_room_2, uniq_menkaure
D:5:      layout_rooms, gammafunk_temple_overflow_elements, old_standard_altar,
          skrybe_limestone_x, minmay_stone_trees_small, lightli_minifort,
          uniq_eustachio, uniq_pikel, uniq_ijyb, uniq_prince_ribbit1

Skill      XL: |  1  2  3  4  5  6  7 |
---------------+----------------------+-----
Spellcasting   | 4 5 6 7 8 |  8.7
Conjurations   | 5 6 7 8 |  8.1
Dodging        | |  2.4
Stealth        | |  2.4

Action                   |  1- 3 |  4- 6 |  7- 9 || total
-------------------------+-------+-------+-------++-------
Melee: Quarterstaff      |       |       |     9 ||     9
 Cast: Magic Dart        |    63 |    95 |    27 ||   185
       Searing Ray       |       |     9 |     9 ||    18
  Use: Scroll            |       |    11 |     5 ||    16
  Eat: Chunk             |     2 |     5 |     2 ||     9
Armor: Robe              |     1 |     4 |     2 ||     7
Dodge: Dodged            |     3 |    19 |     7 ||    29
